 Dungeon Crawl Stone Soup version 0.19.0-16-g73b5abf (webtiles) character file.

5156 Ladykiller69 the Cleaver (level 10, -15/76 HPs)
             Began as a Formicid Fighter on Nov 10, 2016.
             Was a Priest of Cheibriados.
             Demolished by an orc knight
             ... wielding a +0 glaive
              (19 damage)
             ... in a bailey.
             The game lasted 00:25:40 (8392 turns).

Ladykiller69 the Cleaver (Formicid Fighter)         Turns: 8392, Time: 00:25:41

Health: -15/76     AC: 16    Str: 30    XL:     10   Next: 89%
Magic:  13/13      EV: 11    Int: 18    God:    Cheibriados [***...]
Gold:   500        SH: 13    Dex: 18    Spells: 0 memorised, 9 levels left

rFire  + . .     SeeInvis +     a - +1 war axe
rCold  . . .     Gourm    .     L - +4 chain mail {MR+}
rNeg   . . .     Faith    .     c - +0 shield
rPois  .         Spirit   .     (helmet unavailable)
rElec  .         Reflect  .     D - +0 cloak
rCorr  .         Harm     .     (no gloves)
MR     ++...                    A - +0 pair of boots
Stlth  ..........               (no amulet)
                                B - ring of loudness
                                h - ring of protection from fire

@: very slightly contaminated, invisible, very slow
A: permanent stasis, dig shafts and tunnels, four strong arms, antennae 3
a: Dig, Shaft Self, Bend Time, Temporal Distortion, Renounce Religion


You were in a bailey.
You worshipped Cheibriados.
Cheibriados was most pleased with you.
You were not hungry.

You visited 2 branches of the dungeon, and saw 9 of its levels.
You also visited: Bailey.

You collected 500 gold pieces.

Inventory:

Hand Weapons
 a - a +1 war axe (weapon)
 J - a +4 falchion
Missiles
 m - 242 stones
 q - 13 tomahawks (quivered)
Armour
 c - a +0 shield (worn)
 x - a +0 plate armour
 A - a +0 pair of boots (worn)
 D - a +0 cloak (worn)
 L - a +4 chain mail of magic resistance (worn)
Jewellery
 h - a ring of protection from fire (left hand)
 B - a ring of loudness (right hand)
 G - an uncursed ring of magical power {unknown}
Wands
 I - a wand of flame (48/48)
Scrolls
 b - a scroll of enchant armour
 d - a scroll of acquirement {unknown}
 e - 2 scrolls of enchant weapon
 i - 9 scrolls of identify
 r - a scroll of summoning
 u - 3 scrolls of remove curse
Potions
 j - a potion of brilliance
 k - 4 potions of flight
 p - a potion of heal wounds {unknown}
 t - 8 potions of curing
 v - a potion of cure mutation {unknown}
 w - 5 potions of berserk rage {unknown}
 C - a potion of agility {unknown}
 E - 2 potions of degeneration {unknown}
 H - a potion of haste {unknown}
Books
 n - a book of Debilitation

   Spells                             Type                      Level
   a - Corona                         Hexes                        1
   b - Slow                           Hexes                        2
   c - Gell's Gravitas                Hexes/Translocation          3
   d - Inner Flame                    Hexes/Fire                   3
   e - Cause Fear                     Hexes                        4
   f - Leda's Liquefaction            Hexes/Earth                  4
 y - a book of Maledictions

   Spells                             Type                      Level
   a - Corona                         Hexes                        1
   b - Ensorcelled Hibernation        Hexes/Ice                    2
   c - Confuse                        Hexes                        3
   d - Tukima's Dance                 Hexes                        3
   e - Dazzling Spray                 Conjuration/Hexes            3
Comestibles
 f - 3 bread rations
 g - 5 meat rations
 l - 3 chunks of flesh
 o - 3 beef jerkies


   Skills:
 + Level 5.8 Fighting
 * Level 11.1 Axes
 + Level 5.6 Armour
 + Level 3.5 Dodging
 - Level 9.0 Shields
 + Level 4.1 Invocations


You had 9 spell levels left.
You didn't know any spells.

Dungeon Overview and Level Annotations

Branches:
Dungeon (8/15)             Temple (1/1) D:4
   Lair: D:8-11

Altars:
Ashenzari
Cheibriados
Dithmenos
Elyvilon
Fedhas
Gozag
Hepliaklqana
Kikubaaqudgha
Makhleb
Nemelex Xobeh
Okawaru
Qazlal
Ru
Sif Muna
Trog
Uskayaw
Vehumet
Yredelemnul
Zin
The Shining One

Shops:
D:4 [

Annotations:
D:3 Capuchin's ghost, amateur MiFi


Innate Abilities, Weirdness & Mutations

You are under a permanent stasis effect.
You can dig through walls and to a lower floor.
Your four strong arms can wield two-handed weapons with a shield.
You have a pair of large antennae on your head. (SInv)


Message History

The orc knight goes into a battle-frenzy!
You block the orc knight's attack. You block the orc knight's attack.
You see here a scroll of enchant weapon.
e - 2 scrolls of enchant weapon (gained 1)
You block the orc knight's attack.
The orc knight hits you but does no damage.
The orc knight hits you from afar with a glaive.
You see here a scroll of summoning.
r - a scroll of summoning The orc knight hits you with a glaive!!
* * * LOW HITPOINT WARNING * * *
The orc knight no longer looks unusually strong.
You block the orc knight's attack.
The orc knight hits you but does no damage.
There is a gate leading back out of this place here.
The orc knight roars a battlecry!
The orc knight goes into a battle-frenzy!
The orc knight hits you with a glaive!!
You die...

#### ############
...###..........##
....'............#
.)..'........??..#
))..'.........oo@#
....'............#
....'............#
...###..........##
#### ############


You could see 2 orc knights.

Vanquished Creatures
  Pikel (D:5)
  An orc knight (Bailey)
  A hippogriff (D:8)
  The ghost of Mlkhall the Magician, an amateur DEWz (D:5)
  A black bear (D:6)
  A sky beast (D:6)
  3 phantoms
  4 ice beasts
  An ogre (D:4)
  11 orc warriors (Bailey)
  2 centaurs
  3 bullfrogs
  A gnoll sergeant (D:6)
  2 scorpions (D:7)
  12 wights
  2 howler monkeys
  2 crimson imps
  A centaur zombie (D:7)
  A hound (D:2)
  2 jellies (D:6)
  3 orc priests
  6 orc wizards
  6 worker ants
  A hound skeleton (D:6)
  A worker ant zombie (D:6)
  3 gnolls (D:6)
  8 adders
  A shadow imp (D:6)
  2 oozes (D:4)
  An adder skeleton (D:4)
  4 worms
  A dart slug (D:4)
  5 leopard geckos
  48 orcs
  2 giant cockroaches (D:4)
  6 goblins
  8 hobgoblins
  10 jackals
  10 kobolds
  6 quokkas
  2 ball pythons
  12 bats
  8 frilled lizards
  2 jackal zombies
  A leopard gecko skeleton (D:4)
  12 rats
222 creatures vanquished.

Vanquished Creatures (collateral kills)
  A centaur (D:8)
  3 goblins (D:8)
4 creatures vanquished.

Vanquished Creatures (others)
  A slave (D:5)
  An adder (D:5)
2 creatures vanquished.

Grand Total: 228 creatures vanquished

Notes
Turn   | Place    | Note
-------+----------+-------------------------------------------
     0 | D:1      | Ladykiller69 the Formicid Fighter began the quest for the Orb.
     0 | D:1      | Reached XP level 1. HP: 18/18 MP: 1/1
   171 | D:1      | Found a shattered altar of Ashenzari.
   174 | D:1      | Reached XP level 2. HP: 24/24 MP: 2/2
   369 | D:1      | Found a sparkling altar of Nemelex Xobeh.
   619 | D:1      | Reached XP level 3. HP: 29/29 MP: 3/3
   955 | D:2      | Reached XP level 4. HP: 35/35 MP: 4/4
   970 | D:2      | Reached skill level 3 in Axes
   995 | D:2      | Found an opulent altar of Gozag.
  1445 | D:3      | Reached XP level 5. HP: 23/42 MP: 5/5
  1459 | D:3      | Noticed a moth of wrath
  1463 | D:3      | Found a bloodstained altar of Trog.
  1602 | D:3      | Found an iron altar of Okawaru.
  1602 | D:3      | Noticed Capuchin's ghost (amateur MiFi)
  1800 | D:2      | Reached skill level 4 in Axes
  2160 | D:3      | Reached XP level 6. HP: 34/48 MP: 6/6
  2586 | D:4      | Reached skill level 5 in Shields
  2588 | D:4      | Found an opulent altar of Gozag.
  2588 | D:4      | Found a faded altar of an unknown god.
  2593 | D:4      | Found a faded altar of an unknown god.
  2595 | D:4      | Found a faded altar of an unknown god.
  2597 | D:4      | Found a faded altar of an unknown god.
  2698 | D:4      | Found Ofoasesili's Antique Armour Shop.
  3038 | D:3      | Reached skill level 5 in Axes
  3197 | D:4      | Reached XP level 7. HP: 32/54 MP: 7/7
  3445 | D:4      | Found a staircase to the Ecumenical Temple.
  3452 | Temple   | Entered the Ecumenical Temple
  3671 | D:4      | You fall through a shaft for 2 floors!
  3903 | D:5      | Entered Level 5 of the Dungeon
  4128 | D:4      | Reached skill level 6 in Axes
  4313 | D:4      | Reached XP level 8. HP: 47/60 MP: 8/8
  4604 | D:5      | Noticed Mlkhall's ghost (amateur DEWz)
  4621 | D:5      | Killed Mlkhall's ghost
  4621 | D:5      | Reached skill level 7 in Axes
  5024 | D:5      | Noticed Pikel
  5051 | D:5      | Killed Pikel
  5051 | D:5      | Reached skill level 8 in Axes
  5191 | D:5      | Found a white marble altar of Elyvilon.
  5192 | D:5      | Found a glowing silver altar of Zin.
  5192 | D:5      | Found a radiant altar of Vehumet.
  5193 | D:5      | Found a snail-covered altar of Cheibriados.
  5217 | D:5      | Became a worshipper of Cheibriados the Contemplative
  5242 | D:5      | Reached XP level 9. HP: 65/65 MP: 9/9
  5529 | D:5      | Reached skill level 9 in Axes
  5948 | D:6      | Reached * piety under Cheibriados
  6236 | D:6      | Reached skill level 10 in Axes
  6640 | D:6      | Reached skill level 1 in Invocations
  6690 | D:6      | Reached skill level 1 in Dodging
  6873 | D:7      | Reached ** piety under Cheibriados
  6887 | D:7      | Reached XP level 10. HP: 67/73 MP: 11/11
  7396 | D:7      | Reached skill level 5 in Fighting
  7560 | D:8      | Found a flagged portal.
  7596 | Bailey   | Entered a bailey
  7625 | Bailey   | Reached *** piety under Cheibriados
  7685 | Bailey   | Reached skill level 5 in Armour
  7959 | Bailey   | Noticed an orc knight
  8216 | Bailey   | Killed an orc knight
  8216 | Bailey   | Reached skill level 11 in Axes
  8378 | Bailey   | Noticed an orc knight
  8378 | Bailey   | Noticed an orc knight
  8389 | Bailey   | HP: 3/76 [orc knight/glaive (28)]
  8392 | Bailey   | Demolished by an orc knight

Skill      XL: |  1  2  3  4  5  6  7  8  9 10 |
---------------+-------------------------------+-----
Shields        | 4 5 6 7 9 |  9.0
Axes           | 3 4 5 6 8 10 11 | 11.1
Armour         | 4 5 |  5.6
Fighting       | 4 5 |  5.8
Invocations    | 1 4 |  4.1
Dodging        | 1 3 |  3.5

Action                   |  1- 3 |  4- 6 |  7- 9 | 10-12 || total
-------------------------+-------+-------+-------+-------++-------
Melee: War axe           |   115 |   260 |   336 |   218 ||   929
Throw: Tomahawk          |       |       |     6 |       ||     6
 Abil: Dig               |       |     7 |    11 |       ||    18
       Shaft Self        |       |       |     1 |       ||     1
  Use: Scroll            |       |       |       |    10 ||    10
       Potion            |       |       |       |     6 ||     6
 Stab: Invisible         |       |       |       |     1 ||     1
  Eat: Chunk             |       |     8 |     8 |     4 ||    20
       Pizza             |       |     1 |     1 |       ||     2
       Beef jerky        |       |       |     1 |       ||     1
Armor: Scale mail        |    34 |   113 |       |       ||   147
       Chain mail        |       |    27 |     3 |    84 ||   114
       Plate armour      |       |       |   137 |     2 ||   139
Dodge: Dodged            |    38 |   122 |    53 |    94 ||   307
Block: Shield            |    51 |   173 |   135 |   219 ||   578
